 Dungeon Crawl Stone Soup version 0.29.0-4-gdea44cf6ec (webtiles) character file.

Game seed: 5982080787214756093

166 qw the Chopper (level 5, -9/26 (30) HPs)
             Began as a Tengu Warper on Aug 28, 2022.
             Mangled by Duvessa
             ... wielding a +1 short sword of draining
              (14 damage)
             ... on level 4 of the Dungeon.
             The game lasted 00:00:20 (3273 turns).

qw the Chopper (Tengu Warper)                       Turns: 3273, Time: 00:00:20

HP:   -9/26 (30)    AC: 10    Str: 14    XL:     5   Next: 47%
MP:   9/9           EV:  7    Int: 13    God:
Gold: 179           SH:  0    Dex: 13    Spells: 8/8 levels left

rFire   . . .      SeeInvis +   Y - +0 hand axe
rCold   . . .      Faith    .   (no shield)
rNeg    . . .      Spirit   .   d - +0 chain mail
rPois   .          Reflect  .   (helmet restricted)
rElec   .          Harm     .   (no cloak)
rCorr   .          Rampage  .   h - +1 pair of gloves
Will    .....                   (boots unavailable)
Stlth   ..........              (no amulet)
HPRegen 0.08/turn               f - ring of see invisible
MPRegen 0.11/turn               k - +4 ring of slaying {mikee}

@: flying quickly and evasively, heavily drained, quick
A: beak, talons 3, nimble flight
a: no special abilities


You were on level 4 of the Dungeon.
You visited 1 branch of the dungeon, and saw 4 of its levels.

You collected 179 gold pieces.


Innate Abilities, Weirdness & Mutations

You have a beak for a mouth.
You have claws for feet.
Your magical nature lets you fly swiftly and evasively.


   Skills:
 - Level 2.0 Fighting
 - Level 6.1 Axes
 - Level 1.0 Throwing
 + Level 1.1 Armour
 - Level 2.1 Dodging
 - Level 2.0 Spellcasting
 - Level 2.4 Translocations


You had 8 spell levels left.
You didn't know any spells.
Your spell library contained the following spells:

 Spells                   Type           Power      Damage    Failure   Level
 Blink                    Tloc           14%        N/A       99%         2
 Gell's Gravitas          Tloc           7%         N/A       100%        3
 Lesser Beckoning         Tloc           7%         N/A       100%        3
 Teleport Other           Tloc           7%         N/A       100%        3
 Manifold Assault         Tloc           7%         N/A       100%        5

Inventory:

Hand Weapons
 i - a +0 flail
 Y - a +0 hand axe (weapon)
Armour
 d - a +0 chain mail (worn)
 h - a +1 pair of gloves (worn)
Jewellery
 f - a ring of see invisible (left hand)
 k - a +4 ring of slaying (right hand) {mikee}
Scrolls
 a - a scroll of identify
Potions
 e - a potion of haste
 g - a potion of magic {unknown}
 j - a potion of invisibility {unknown}
 m - a potion of flight {unknown}
 n - a potion of degeneration {unknown}

Dungeon Overview and Level Annotations

Branches:
Dungeon (4/15)
 Temple: D:4-7

Altars:

Annotations:
D:3 1 runed translucent door, Crazy Yiuf
D:4 Duvessa


Message History

Where to? (* - list waypoints, Enter - D:3, ? - help)
What level of the Dungeon? (default 1, ? - help)
You swap places.
You swap places.
You see here a +0 dagger.
There is a stone staircase leading up here.
Your extra speed is starting to run out.
There is a stone staircase leading down here.
You feel yourself slow down.
You fly downwards.
Duvessa shouts!
Dowan shouts!
Found a scroll of fear.
There is a stone staircase leading up here.
There are monsters nearby!
Existing waypoints: (1) D:2 (2) D:3 Assign waypoint to what number? (0-9, D - delete waypoint) Waypoint 1 re-assigned from D:2 to D:4.
Duvessa hits you with a +1 short sword of draining.
You feel drained. Dowan hits you but does no damage.
You hit Duvessa but do no damage. Your kick misses Duvessa.
Your peck misses Duvessa. You hit Dowan.
Duvessa hits you with a +1 short sword of draining.
You feel drained. Dowan gestures at you while chanting.
The puff of frost hits you!
You slash Dowan! Your kick misses Dowan.
Dowan is heavily wounded.
You hit Duvessa. Duvessa hits you but does no damage.
You feel drained. Dowan hits you but does no damage.
You slash Dowan!
You kill Dowan!
Duvessa weeps, and shakes her weapon.
Duvessa goes berserk!
You closely miss Duvessa.
Duvessa hits you with a +1 short sword of draining.
You feel drained.
Duvessa hits you with a +1 short sword of draining!
Ouch! That really hurt!
You die...

.. .#
########.# #.
.......#.#
...
....#..#.#
....
#....#.###...
#..e.).....#
.#####.@...#
......?...##
########<##
#.# #.# #+#


You could see Duvessa (berserk).

Vanquished Creatures
  Dowan (D:4)
  Terence (D:3)
  2 orc wizards (D:3)
  2 adders
  3 dart slugs (D:2)
  2 orcs (D:3)
  8 ball pythons
  3 endoplasms
  3 giant cockroaches
  12 goblins
  3 hobgoblins
  2 jackals (D:1)
  3 quokkas
  6 bats
  3 frilled lizards
  5 kobolds
  4 rats
63 creatures vanquished.

Vanquished Creatures (others)
  A plant (D:1)
1 creature vanquished.

Grand Total: 64 creatures vanquished

Notes
Turn   | Place    | Note
-------+----------+-------------------------------------------
     0 | D:1      | qw the Tengu Warper began the quest for the Orb.
     0 | D:1      | Reached XP level 1. HP: 12/12 MP: 4/4
     0 | D:1      | 0 ||| qw: Version: 0.1-a-89-g26bdef1
     0 | D:1      | 0 ||| qw: Game counter: 575
     0 | D:1      | 0 ||| qw: Always use a shield: true
     0 | D:1      | 0 ||| qw: God list: Okawaru
     0 | D:1      | 0 ||| qw: Allow faded altars: false
     0 | D:1      | 0 ||| qw: Do Orc after D:15 true
     0 | D:1      | 0 ||| qw: Do second Lair branch before Depths: true
     0 | D:1      | 0 ||| qw: Lair rune preference: random
     0 | D:1      | 0 ||| qw: Plans: Normal
     0 | D:1      | 0 ||| PLANNING D:1-11
    11 | D:1      | 11 ||| Stepping ~*~*~tactically~*~*~ (stealth).
    15 | D:1      | 15 ||| Stepping ~*~*~tactically~*~*~ (stealth).
    17 | D:1      | 17 ||| Stepping ~*~*~tactically~*~*~ (stealth).
    19 | D:1      | 19 ||| Stepping ~*~*~tactically~*~*~ (stealth).
    21 | D:1      | 21 ||| Stepping ~*~*~tactically~*~*~ (stealth).
    23 | D:1      | 23 ||| Stepping ~*~*~tactically~*~*~ (stealth).
   149 | D:1      | Found a faded altar of an unknown god.
   248 | D:1      | Reached skill level 3 in Axes
   248 | D:1      | Reached XP level 2. HP: 17/17 MP: 6/6
   551 | D:1      | 551 ||| DROPPING +0 club.
   627 | D:1      | 627 ||| Stepping ~*~*~tactically~*~*~ (stealth).
   804 | D:1      | 804 ||| Stepping ~*~*~tactically~*~*~ (stealth).
   805 | D:1      | 805 ||| Stepping ~*~*~tactically~*~*~ (stealth).
   910 | D:1      | Reached XP level 3. HP: 21/21 MP: 7/7
  1009 | D:1      | 1009 ||| UPGRADING to +0 pair of gloves.
  1014 | D:1      | 1014 ||| UPGRADING to ring of see invisible.
  1015 | D:1      | 1015 ||| UPGRADING to +4 ring of slaying {mikee}.
  1016 | D:1      | 1016 ||| READING scroll labelled NANONT ZARAFI.
  1017 | D:1      | 1017 ||| READING scroll labelled HOIRIU ODIKK.
  1018 | D:1      | 1018 ||| READING scroll labelled XOUGIHAETTO.
  1019 | D:1      | 1019 ||| DROPPING scroll of blinking.
  1076 | D:2      | 1076 ||| Stepping ~*~*~tactically~*~*~ (stealth).
  1078 | D:2      | 1078 ||| Stepping ~*~*~tactically~*~*~ (stealth).
  1084 | D:2      | 1084 ||| Stepping ~*~*~tactically~*~*~ (stealth).
  1091 | D:2      | Reached skill level 4 in Axes
  1129 | D:2      | 1129 ||| Stepping ~*~*~tactically~*~*~ (hiding).
  1237 | D:2      | 1237 ||| Stepping ~*~*~tactically~*~*~ (hiding).
  1423 | D:2      | 1423 ||| Stepping ~*~*~tactically~*~*~ (stealth).
  1425 | D:2      | 1425 ||| Stepping ~*~*~tactically~*~*~ (stealth).
  1491 | D:2      | 1491 ||| READING scroll of enchant armour.
  1491 | D:2      | 1491 ||| ENCHANTING +0 pair of gloves.
  1644 | D:2      | 1644 ||| Stepping ~*~*~tactically~*~*~ (hiding).
  1753 | D:2      | 1753 ||| Stepping ~*~*~tactically~*~*~ (hiding).
  1754 | D:2      | 1754 ||| Stepping ~*~*~tactically~*~*~ (hiding).
  1867 | D:2      | Reached XP level 4. HP: 26/26 MP: 8/8
  1979 | D:2      | 1979 ||| READING scroll labelled DAXZYLYSHI.
  1980 | D:2      | 1980 ||| DRINKING 2 metallic golden potions.
  2085 | D:2      | 2085 ||| READING 2 scrolls of identify.
  2085 | D:2      | 2085 ||| IDENTIFYING black potion
  2086 | D:2      | 2086 ||| DROPPING potion of berserk rage.
  2193 | D:3      | Found a runed translucent door.
  2194 | D:3      | Noticed Crazy Yiuf
  2239 | D:3      | Noticed Terence
  2247 | D:3      | Killed Terence
  2248 | D:3      | Reached skill level 5 in Axes
  2378 | D:3      | 2378 ||| DROPPING +0 mace.
  2494 | D:3      | 2494 ||| DRINKING potion of curing.
  2494 | D:3      | 2494 ||| (to cure confusion)
  2496 | D:3      | Gained mutation: Your magical nature lets you fly swiftly
                  | and evasively. [Tengu growth]
  2496 | D:3      | Reached XP level 5. HP: 30/30 MP: 9/9
  2505 | D:3      | HP: 7/30 [poisoned by an orc wizard]
  2913 | D:3      | Reached skill level 6 in Axes
  2947 | D:3      | 2947 ||| Stepping ~*~*~tactically~*~*~ (stealth).
  2948 | D:3      | 2948 ||| Stepping ~*~*~tactically~*~*~ (stealth).
  2959 | D:3      | 2959 ||| Stepping ~*~*~tactically~*~*~ (stealth).
  2974 | D:3      | 2974 ||| Stepping ~*~*~tactically~*~*~ (stealth).
  3210 | D:3      | 3210 ||| UPGRADING to +0 chain mail.
  3220 | D:3      | 3220 ||| DROPPING +0 leather armour.
  3221 | D:3      | 3221 ||| DROPPING +0 ring mail.
  3222 | D:3      | 3222 ||| READING scroll labelled TUVIFI JINA.
  3223 | D:3      | 3223 ||| DRINKING 2 dark potions.
  3268 | D:4      | Noticed Duvessa
  3268 | D:4      | Noticed Dowan
  3273 | D:4      | Killed Dowan
  3273 | D:4      | HP: 5/26 [Duvessa/+1 short sword of draining (2)]
  3273 | D:4      | Mangled by Duvessa

Levels and vault maps discovered:
D:1:      pf_arrival_petrified_forest, layout_rooms,
          shapermc_ecumenical_altar_acropolis
D:2:      layout_basic
D:3:      layout_loops_ring, uniq_terence, uniq_crazy_yiuf_cottage
D:4:      layout_loops_corners, hangedman_decor_slide_cut, uniq_duvessa

Skill      XL: |  1  2  3  4  5 |
---------------+----------------+-----
Axes           | 3 4 5 6 |  6.1
Fighting       | |  2.0
Throwing       | |  1.0
Armour         | |  1.1
Dodging        | |  2.1
Spellcasting   | |  2.0
Translocations | |  2.4

Action                   |  1- 3 |  4- 6 || total
-------------------------+-------+-------++-------
Melee: Hand axe          |    89 |    44 ||   133
       Kick              |    17 |     9 ||    26
       Peck              |     5 |     4 ||     9
Throw: Boomerang         |     7 |       ||     7
  Use: Scroll            |     4 |     3 ||     7
       Potion            |       |     3 ||     3
 Stab: Sleeping          |     1 |       ||     1
Armor: Leather armour    |    20 |     7 ||    27
       Chain mail        |       |     3 ||     3
Dodge: Dodged            |    57 |    11 ||    68

Table legend:
 A = Non-vault XP
 B = Vault XP
 C = Vault XP percentage of total XP
 D = Non-vault monster count
 E = Vault monster count
 F = Vault count percentage of total count
                 A         B        C        D         E       F
            +---------+---------+-------+---------+---------+-------
      Total |     202 |     103 |  33.8 |      61 |       2 |   3.2
            +---------+---------+-------+---------+---------+-------
        D:1 |      34 |       0 |   0.0 |      20 |       0 |   0.0
        D:2 |      51 |       0 |   0.0 |      21 |       0 |   0.0
        D:3 |     117 |      36 |  23.5 |      20 |       1 |   4.8
        D:4 |       0 |      67 | 100.0 |       0 |       1 | 100.0
            +---------+---------+-------+---------+---------+-------
